 Dungeon Crawl Stone Soup version 0.29-a0-486-ga88943ba61 (webtiles) character file.

Game seed: 3775203100081754031

844 Morbidden the Ruffian (level 7, -6/54 (66) HPs)
             Began as a Troll Gladiator on May 26, 2022.
             Was a Follower of Wu Jian.
             Mangled by a wight
             ... wielding a +4 scimitar
              (10 damage)
             ... on level 5 of the Dungeon.
             The game lasted 00:05:09 (3948 turns).

Morbidden the Ruffian (Troll Gladiator)             Turns: 3948, Time: 00:05:09

HP:   -6/54 (66)    AC:  4    Str: 23    XL:     7   Next: 68%
MP:   8/8           EV: 10    Int:  6    God:    Wu Jian [*.....]
Gold: 160           SH:  0    Dex: 11    Spells: 3/9 levels left

rFire   . . .      SeeInvis .     - Unarmed
rCold   . . .      Faith    .   (no shield)
rNeg    + . .      Spirit   .   a - +0 robe
rPois   .          Reflect  .   b - +0 hat
rElec   .          Harm     .   (no cloak)
rCorr   .          Rampage  .   (gloves unavailable)
Will    .....                   (boots unavailable)
Stlth   +.........              e - amulet of regeneration
HPRegen 1.78/turn               f - ring of positive energy
MPRegen 0.11/turn               (no ring)

@: heavily drained
A: large, unfitting armour, claws 3, regeneration 1, shaggy fur 1, tough skin 1
a: Renounce Religion


You were on level 5 of the Dungeon.
You worshipped Wu Jian.
Wu Jian was aware of your devotion.
You visited 2 branches of the dungeon, and saw 6 of its levels.

You collected 160 gold pieces.

Inventory:

Missiles
 c - 2 throwing nets
 d - 4 large rocks
 k - 185 stones (quivered)
 n - 8 poisoned darts
Armour
 a - a +0 robe (worn)
 b - a +0 hat (worn)
Jewellery
 e - an amulet of regeneration (around neck)
 f - a ring of positive energy (left claw)
 w - a +4 ring of slaying
Wands
 t - a wand of acid (9)
Scrolls
 i - 2 scrolls of noise
 j - a scroll of poison {unknown}
 l - 2 scrolls of amnesia {unknown}
 m - a scroll of teleportation {unknown}
 o - a scroll of brand weapon {unknown}
 p - a scroll of identify
 s - a scroll of fear {unknown}
 u - a scroll of enchant weapon {unknown}
 v - a scroll of immolation {unknown}
 x - a scroll of summoning {unknown}
 y - a scroll of acquirement
Potions
 q - a potion of flight {unknown}
 r - a potion of brilliance {unknown}
 z - a potion of ambrosia {unknown}


   Skills:
 * Level 2.5 Fighting
 * Level 3.1 Throwing
 * Level 3.9 Dodging
 + Level 0.3 Stealth
 * Level 6.1 Unarmed Combat
 * Level 1.7 Spellcasting
 * Level 0.7 Transmutations
 * Level 0.8 Earth Magic
 + Level 1.0 Evocations


You had 3 spell levels left.
You knew the following spells:

 Your Spells              Type           Power      Damage    Failure   Level
a - Statue Form           Tmut/Erth      0%         N/A       100%        6

Your spell library contained the following spells:

 Spells                   Type           Power      Damage    Failure   Level
 Summon Small Mammal      Summ           0%         N/A       38%         1
 Call Canine Familiar     Summ           0%         N/A       77%         3
 Ozocubu's Armour         Ice            0%         N/A       77%         3
 Summon Guardian Golem    Hex/Summ       0%         N/A       77%         3
 Petrify                  Tmut/Erth      1%         N/A       97%         4
 Alistair's Intoxication  Tmut/Pois      0%         N/A       100%        5
 Borgnjor's Vile Clutch   Necr/Erth      0%         N/A       100%        5
 Metabolic Englaciation   Hex/Ice        0%         N/A       100%        5
 Eringya's Noxious Bog    Tmut/Pois      0%         N/A       100%        6
 Ozocubu's Refrigeration  Ice            0%         4d5       100%        7


Dungeon Overview and Level Annotations

Branches:
Dungeon (5/15)             Temple (1/1) D:4

Altars:
Dithmenos
Elyvilon
Fedhas
Gozag
Hepliaklqana
Kikubaaqudgha
Makhleb
Nemelex Xobeh
Okawaru
Qazlal
Sif Muna
Trog
Uskayaw
Wu Jian
Yredelemnul
Zin

Annotations:
D:4 exclusion: 2 doors


Innate Abilities, Weirdness & Mutations

You are too large for most types of armour.
You have claws for hands.
Your natural rate of healing is unusually fast.
You are covered in fur. (AC +1)
You have tough skin. (AC +1)


Message History

You closely miss the wight. Your claw misses the wight.
The wight is severely damaged.
The wight hits you with a +4 flail! You partially resist.
You feel drained. The wight hits you but does no damage.
You are too injured to fight recklessly!
You are too injured to fight recklessly!
You are too injured to fight recklessly!
The wight attacks as you move away! The wight barely misses you.
The wight attacks as you move away! The wight hits you with a +4 scimitar!
* * * LOW HITPOINT WARNING * * *
You partially resist.
You feel drained.
* * * LOW HITPOINT WARNING * * *
A water moccasin comes into view.
The water moccasin hisses angrily.
The wight attacks as you move away! The wight closely misses you.
The wight attacks as you move away! The wight barely misses you.
The wight attacks as you move away! The wight barely misses you.
Okay, then.
As you read the scroll labelled QIMETA DOQ JEU, it crumbles to dust.
You hear a loud clanging noise!
It was a scroll of noise.
You hear a shout! x3; You hear a bark!
You hear a shout! x2
The wight hits you with a +4 scimitar!
* * * LOW HITPOINT WARNING * * *
You partially resist.
You feel drained.
* * * LOW HITPOINT WARNING * * *
Unknown command.
Okay, then.
Okay, then.
Unknown command.
You feel better. The wight hits you with a +4 scimitar!
* * * LOW HITPOINT WARNING * * *
You partially resist.
You feel drained.
Unknown command.
Unknown command.
As you read the scroll labelled KYDE BUMNINWAKH, it crumbles to dust.
It is a scroll of identify.
y - a scroll of acquirement The wight hits you with a +4 scimitar!
You die...

.# #..# ## ..# .. S.#
#.## ..# #...###.#
#.@zS.# # # ####z.# .# #.
##z#######.##.. #.###
#............. ....##
#......)......
####..######...(.#.......
#....)))).......##....###
........###))######
###.... ###.....###).##
...


You could see a water moccasin and 3 wights.

Vanquished Creatures
  2 orc warriors (D:5)
  2 scorpions (D:4)
  A wight (D:5)
  A jelly (D:4)
  3 hounds
  2 orc priests
  A gnoll shaman (D:4)
  An iguana (D:3)
  Terence (D:2)
  An orc wizard (D:5)
  3 adders
  6 gnolls
  3 worms
  A dart slug (D:3)
  19 orcs
  7 ball pythons
  5 bats
  3 endoplasms
  3 giant cockroaches
  8 goblins
  9 hobgoblins
  3 jackals (D:1)
  5 kobolds
  A quokka (D:1)
  6 frilled lizards
  3 rats
100 creatures vanquished.

Notes
Turn   | Place    | Note
-------+----------+-------------------------------------------
     0 | D:1      | Morbidden the Troll Gladiator began the quest for the Orb.
     0 | D:1      | Reached XP level 1. HP: 19/19 MP: 0/0
    97 | D:1      | Found a faded altar of an unknown god.
   148 | D:1      | Reached XP level 2. HP: 27/27 MP: 1/1
   378 | D:1      | You fall into a shaft and drop 1 floor!
   500 | D:2      | Reached XP level 3. HP: 35/35 MP: 2/2
   586 | D:2      | Found a bloodstained altar of Trog.
  1011 | D:2      | Noticed Terence
  1024 | D:2      | Killed Terence
  1025 | D:2      | Reached XP level 4. HP: 28/42 MP: 3/3
  1401 | D:3      | Found an opulent altar of Gozag.
  1401 | D:3      | Found a shadowy altar of Dithmenos.
  1401 | D:3      | Found a blossoming altar of Fedhas.
  1704 | D:3      | Found a stormy altar of Qazlal.
  2102 | D:3      | HP: 1/42 [orc priest/divine providence (10)]
  2105 | D:3      | Reached skill level 4 in Unarmed Combat
  2105 | D:3      | Reached XP level 5. HP: 38/49 MP: 5/5
  2183 | D:4      | Found a staircase to the Ecumenical Temple.
  2193 | D:4      | Reached skill level 1 in Spellcasting
  2458 | Temple   | Entered the Ecumenical Temple
  2524 | Temple   | Became a worshipper of the Wu Jian Council
  2615 | D:4      | Reached XP level 6. HP: 41/57 MP: 6/6
  2654 | D:4      | Reached skill level 5 in Unarmed Combat
  2768 | D:4      | Found a white marble altar of Elyvilon.
  2780 | D:4      | Learned a level 6 spell: Statue Form
  2922 | D:4      | Noticed a yak
  2923 | D:4      | Noticed a yak
  2923 | D:4      | Noticed a yak
  2923 | D:4      | Noticed a yak
  2924 | D:4      | Noticed a yak
  3120 | D:4      | Found a shimmering blue altar of Sif Muna.
  3390 | D:5      | Entered Level 5 of the Dungeon
  3479 | D:5      | Reached XP level 7. HP: 57/66 MP: 8/8
  3791 | D:5      | Reached * piety under Wu Jian
  3803 | D:5      | HP: 3/66 [orc warrior/+0 glaive (22)]
  3805 | D:5      | Reached skill level 6 in Unarmed Combat
  3936 | D:5      | Reached skill level 1 in Evocations
  3948 | D:5      | Identified a scroll of acquirement
  3948 | D:5      | Mangled by a wight

Illustrated notes

Levels and vault maps discovered:
D:1:      dpeg_arrival_shelter, layout_basic, serial_rivers,
          chequers_serial_rivers_small_a, chequers_serial_rivers_marsh,
          chequers_serial_rivers_marsh, chequers_serial_rivers_micro_d,
          chequers_ecumenical_altar_twisty
D:2:      layout_loops_corners, basic_altar, uniq_terence
D:3:      minmay_skewed_foursquare, layout_loops_cross,
          gammafunk_temple_overflow_claw,
          mainiacjoe_overflow_concentric_impassable
D:4:      layout_gridville, lemuel_blue_sif_altar, mainiacjoe_overflow_paths,
          temple_doors_e, minmay_quadrilaterals
D:5:      layout_rooms, nicolae_stop_n_shop_2, minivault_25,
          minmay_misc_feat_pillars, guppyfry_early_orc_mine
Temple:   jpeg_temple_alley_garden

Skill      XL: |  1  2  3  4  5  6  7 |
---------------+----------------------+-----
Throwing       | 2 3 |  3.1
Dodging        | 3 |  3.9
Fighting       | 2 |  2.5
Unarmed Combat | 4 5 6 |  6.1
Spellcasting   | 1 |  1.7
Evocations     | 1 |  1.0
Stealth        | |  0.3
Transmutations | |  0.7
Earth Magic    | |  0.8

Action                   |  1- 3 |  4- 6 |  7- 9 || total
-------------------------+-------+-------+-------++-------
Melee: Unarmed           |    83 |   170 |    64 ||   317
       Punch             |     2 |     6 |     2 ||    10
Throw: Stone             |    23 |     3 |       ||    26
       Dart              |     4 |       |       ||     4
       Throwing net      |     1 |       |       ||     1
Invok: Lunge             |       |     1 |     6 ||     7
Evoke: Wand              |       |       |     1 ||     1
  Use: Potion            |       |     1 |     3 ||     4
       Scroll            |       |       |     2 ||     2
 Stab: Sleeping          |       |     1 |       ||     1
Armor: Robe              |    39 |    47 |     5 ||    91
Dodge: Dodged            |    38 |    81 |    31 ||   150

Table legend: (Time is in decaauts)
 A = Elapsed time spent in this place.
 B = Non-inter-level travel time spent in this place.
 C = Inter-level travel time spent in this place.
 D = Time resting spent in this place.
 E = Time spent auto-exploring this place.
 F = Levels seen in this place.
 G = Mean time per level.
                   A        B        C        D        E       F      G
               +--------+--------+--------+--------+--------+-----+--------+
         Total |   3925 |   3800 |    125 |    533 |   2495 |   6 |  654.2 |
       Dungeon |   3825 |   3732 |     93 |    533 |   2458 |   5 |  765.0 |
        Temple |     99 |     67 |     32 |      0 |     37 |   1 |   99.0 |
               +--------+--------+--------+--------+--------+-----+--------+

Top non-repeatable levels by time:
     D:3: 1046 daAuts
     D:4: 948 daAuts
     D:2: 903 daAuts
     D:5: 548 daAuts
     D:1: 378 daAuts
  Temple: 99 daAuts
